2949 views
Uploaded 2019-12-31 18:41:12
Game version 1.32.0.4
25:32 long 4on4 ladder game on (8)GolemsInTheMist_LV
Saved by BEARAND
2949 views
Uploaded 2019-12-31 18:41:12
Game version 1.32.0.4
25:32 long 4on4 ladder game on (8)GolemsInTheMist_LV


180 units @ 26.1k
/ 4.7k
86 buildings @ 12.2k
/ 5.3k

| Moonstone | 3 | 150 |
| Scroll of Town Portal | 2 | 700 |
| total: | 5 | 850g |
| Wisp | 11 | 660 | / | 0 |
| Archer | 15 | 1950 | / | 150 |
| Huntress | 6 | 1170 | / | 120 |
| Druid of the Claw | 3 | 765 | / | 240 |
| Glaive Thrower | 5 | 1050 | / | 325 |
| total: | 40 | 5595g | / | 835w |
| Moon Well | 8 | 1440 | / | 320 |
| Altar of Elders | 1 | 180 | / | 50 |
| Ancient of War | 2 | 300 | / | 120 |
| Hunter's Hall | 1 | 210 | / | 100 |
| Ancient of Wonders | 1 | 90 | / | 30 |
| Ancient of Lore | 1 | 155 | / | 145 |
| Tree of Ages | 1 | 320 | / | 180 |
| Tree of Eternity | 1 | 330 | / | 200 |
| total: | 14 | 2375g | / | 765w |
| 0:04 | Wisp |
| 0:04 | Wisp |
| 0:06 | Moon Well |
| 0:08 | Altar of Elders |
| 0:12 | Wisp |
| 0:13 | Wisp |
| 0:19 | Wisp |
| 0:28 | Wisp |
| 0:53 | Ancient of War |
| 1:19 | Wisp |
| 1:19 | Wisp |
| 1:19 | Wisp |
| 1:19 | Wisp |
| 1:19 | Wisp |
| 1:32 | Moon Well |
| 2:02 | Archer |
| 2:02 | Archer |
| 2:13 | Searing Arrows |
| 2:29 | Hunter's Hall |
| 2:32 | Archer |
| 3:03 | Archer |
| 3:03 | Archer |
| 3:32 | Huntress |
| 3:34 | Huntress |
| 3:47 | Moon Well |
| 4:10 | Tree of Ages |
| 4:48 | Trueshot Aura |
| 5:16 | Archer |
| 5:16 | Archer |
| 5:19 | Moon Well |
| 5:22 | Moon Well |
| 5:31 | Ancient of Wonders |
| 5:35 | Ultravision |
| 5:36 | Strength of the Moon |
| 6:02 | Huntress |
| 6:41 | Moonstone |
| 6:52 | Moon Armor |
| 6:55 | Tree of Eternity |
| 6:58 | Moon Glaive |
| 8:05 | Huntress |
| 8:05 | Huntress |
| 8:05 | Huntress |
| 8:16 | Ancient of Lore |
| 8:21 | Searing Arrows |
| 8:23 | Improved Bows |
| 8:44 | Scroll of Town Portal |
| 9:16 | Marksmanship |
| 9:23 | Well Spring |
| 9:34 | Druid of the Claw |
| 9:46 | Druid of the Claw Adept Training |
| 9:55 | Moon Well |
| 10:38 | Druid of the Claw Master Training |
| 10:39 | Druid of the Claw |
| 11:15 | Mark of the Claw |
| 11:15 | Druid of the Claw |
| 11:17 | Improved Strength of the Moon |
| 11:49 | Moonstone |
| 12:19 | Vorpal Blades |
| 12:26 | Glaive Thrower |
| 12:26 | Glaive Thrower |
| 12:27 | Glaive Thrower |
| 13:27 | Ancient of War |
| 14:38 | Archer |
| 14:38 | Archer |
| 14:38 | Archer |
| 14:39 | Archer |
| 14:40 | Archer |
| 14:47 | Glaive Thrower |
| 14:51 | Advanced Strength of the Moon |
| 14:55 | Moonstone |
| 15:41 | Moon Well |
| 15:50 | Moon Well |
| 17:57 | Reinforced Hides |
| 18:02 | Glaive Thrower |
| 19:13 | Archer |
| 19:13 | Archer |
| 19:42 | Archer |
| 21:52 | Scroll of Town Portal |
| 22:51 | Scout |
| Right click | 671 |
| Select group | 430 |
| Select | 283 |
| Build/train/purchase | 87 |
| Assign group | 29 |
| Use ability | 10 |
| Esc | 3 |
| Item give/drop | 1 |
| Remove unit | 1 |

| Orb of Venom | 2 | 650 |
| Lesser Clarity Potion | 3 | 210 |
| Moonstone | 1 | 50 |
| Scroll of Town Portal | 1 | 350 |
| total: | 7 | 1260g |
| Wisp | 16 | 960 | / | 0 |
| Druid of the Talon | 15 | 2175 | / | 300 |
| Hippogryph | 2 | 320 | / | 40 |
| Glaive Thrower | 4 | 840 | / | 260 |
| Archer | 1 | 130 | / | 10 |
| Goblin Zeppelin | 1 | 240 | / | 60 |
| total: | 39 | 4665g | / | 670w |
| Ancient Protector | 3 | 405 | / | 240 |
| Moon Well | 6 | 1080 | / | 240 |
| Altar of Elders | 1 | 180 | / | 50 |
| Hunter's Hall | 1 | 210 | / | 100 |
| Ancient of Wonders | 1 | 90 | / | 30 |
| Tree of Life | 1 | 340 | / | 185 |
| Ancient of War | 2 | 300 | / | 120 |
| Ancient of Wind | 3 | 450 | / | 420 |
| Tree of Ages | 1 | 320 | / | 180 |
| Tree of Eternity | 1 | 330 | / | 200 |
| total: | 18 | 3055g | / | 1385w |
| 0:01 | Wisp |
| 0:02 | Wisp |
| 0:04 | Moon Well |
| 0:07 | Wisp |
| 0:28 | Altar of Elders |
| 0:31 | Wisp |
| 0:34 | Wisp |
| 0:59 | Wisp |
| 1:10 | Moon Well |
| 1:12 | Wisp |
| 1:14 | Wisp |
| 1:15 | Wisp |
| 1:37 | Wisp |
| 2:00 | Wisp |
| 2:01 | Wisp |
| 2:06 | Hunter's Hall |
| 2:26 | Summon Lava Spawn |
| 3:00 | Tree of Ages |
| 3:11 | Ancient Protector |
| 3:13 | Ancient Protector |
| 3:18 | Strength of the Wild |
| 4:04 | Ancient Protector |
| 4:18 | Moon Well |
| 4:20 | Ultravision |
| 4:30 | Ancient of Wonders |
| 5:30 | Soul Burn |
| 5:46 | Ancient of Wind |
| 5:47 | Ancient of Wind |
| 5:52 | Ancient of Wind |
| 5:53 | Tree of Eternity |
| 6:54 | Druid of the Talon |
| 7:06 | Improved Strength of the Wild |
| 7:14 | Druid of the Talon |
| 7:39 | Druid of the Talon |
| 8:05 | Druid of the Talon Adept Training |
| 8:06 | Druid of the Talon |
| 8:32 | Druid of the Talon |
| 8:36 | Wisp |
| 8:36 | Wisp |
| 8:36 | Wisp |
| 8:36 | Wisp |
| 9:00 | Druid of the Talon |
| 9:06 | Druid of the Talon Master Training |
| 9:20 | Moon Well |
| 9:22 | Moon Well |
| 9:26 | Orb of Venom |
| 9:29 | Lesser Clarity Potion |
| 10:15 | Hippogryph |
| 10:15 | Hippogryph |
| 10:20 | Druid of the Talon |
| 10:20 | Druid of the Talon |
| 11:05 | Mark of the Talon |
| 11:07 | Druid of the Talon |
| 11:09 | Advanced Strength of the Wild |
| 11:42 | Druid of the Talon |
| 11:49 | Tree of Life |
| 12:09 | Summon Lava Spawn |
| 13:34 | Reinforced Hides |
| 13:52 | Druid of the Talon |
| 13:55 | Druid of the Talon |
| 14:06 | Scroll of Town Portal |
| 14:07 | Moonstone |
| 14:09 | Lesser Clarity Potion |
| 14:21 | Druid of the Talon |
| 14:34 | Goblin Zeppelin |
| 15:02 | Druid of the Talon |
| 15:07 | Ancient of War |
| 15:09 | Ancient of War |
| 15:45 | Druid of the Talon |
| 16:47 | Strength of the Moon |
| 16:48 | Vorpal Blades |
| 16:51 | Glaive Thrower |
| 17:26 | Siphon Mana |
| 17:59 | Glaive Thrower |
| 18:01 | Improved Strength of the Moon |
| 18:10 | Moon Well |
| 18:43 | Lesser Clarity Potion |
| 18:49 | Orb of Venom |
| 19:27 | Glaive Thrower |
| 20:21 | Archer |
| 20:24 | Advanced Strength of the Moon |
| 21:17 | Glaive Thrower |
| 21:54 | Soul Burn |
| Right click | 1420 |
| Select | 417 |
| Select group | 247 |
| Build/train/purchase | 99 |
| Assign group | 41 |
| Misc. action | 26 |
| Use ability | 25 |
| Chat | 7 |
| Esc | 4 |
| Minimap ping | 1 |

| Scroll of Regeneration | 1 | 100 |
| total: | 1 | 100g |
| Peasant | 28 | 2100 | / | 0 |
| Footman | 5 | 675 | / | 0 |
| Flying Machine | 19 | 1900 | / | 570 |
| Gryphon Rider | 4 | 1120 | / | 280 |
| Dragonhawk Rider | 5 | 1000 | / | 150 |
| Siege Engine | 6 | 1170 | / | 360 |
| Goblin Shredder | 1 | 375 | / | 100 |
| total: | 68 | 8340g | / | 1460w |
| Scout Tower | 11 | 330 | / | 220 |
| Guard Tower | 8 | 560 | / | 400 |
| Altar of Kings | 1 | 180 | / | 50 |
| Barracks | 1 | 160 | / | 60 |
| Farm | 12 | 960 | / | 240 |
| Lumber Mill | 1 | 120 | / | 0 |
| Town Hall | 3 | 1155 | / | 615 |
| Arcane Vault | 1 | 130 | / | 30 |
| Blacksmith | 2 | 280 | / | 120 |
| Workshop | 2 | 280 | / | 280 |
| Gryphon Aviary | 2 | 280 | / | 300 |
| Keep | 1 | 320 | / | 210 |
| Castle | 2 | 720 | / | 420 |
| total: | 36 | 3875g | / | 1915w |
| 0:02 | Peasant |
| 0:02 | Peasant |
| 0:07 | Altar of Kings |
| 0:11 | Barracks |
| 0:19 | Farm |
| 0:33 | Peasant |
| 0:44 | Peasant |
| 0:55 | Peasant |
| 0:57 | Farm |
| 1:22 | Footman |
| 1:29 | Peasant |
| 1:38 | Farm |
| 1:41 | Footman |
| 1:47 | Peasant |
| 1:47 | Peasant |
| 2:01 | Lumber Mill |
| 2:12 | Flame Strike |
| 2:16 | Footman |
| 2:19 | Peasant |
| 2:20 | Peasant |
| 2:35 | Scout Tower |
| 2:37 | Scout Tower |
| 2:38 | Peasant |
| 2:51 | Footman |
| 2:53 | Peasant |
| 2:54 | Peasant |
| 3:05 | Peasant |
| 3:14 | Guard Tower |
| 3:17 | Peasant |
| 3:34 | Peasant |
| 3:41 | Guard Tower |
| 3:53 | Guard Tower |
| 4:14 | Town Hall |
| 4:24 | Arcane Vault |
| 4:36 | Peasant |
| 5:05 | Farm |
| 5:36 | Keep |
| 5:40 | Scout Tower |
| 5:48 | Siphon Mana |
| 5:52 | Peasant |
| 5:59 | Scout Tower |
| 6:02 | Scout Tower |
| 6:07 | Scout Tower |
| 6:11 | Guard Tower |
| 6:12 | Footman |
| 6:19 | Blacksmith |
| 6:22 | Scout Tower |
| 6:26 | Blacksmith |
| 6:29 | Farm |
| 6:38 | Guard Tower |
| 7:15 | Goblin Shredder |
| 7:26 | Guard Tower |
| 7:51 | Guard Tower |
| 8:18 | Improved Lumber Harvesting |
| 8:19 | Peasant |
| 8:19 | Peasant |
| 8:19 | Peasant |
| 8:25 | Workshop |
| 8:28 | Workshop |
| 9:00 | Farm |
| 9:04 | Castle |
| 9:09 | Scout Tower |
| 9:11 | Scout Tower |
| 10:13 | Gryphon Aviary |
| 10:15 | Gryphon Aviary |
| 10:16 | Flying Machine |
| 10:16 | Flying Machine |
| 10:16 | Flying Machine |
| 10:16 | Flying Machine |
| 10:17 | Flying Machine |
| 10:43 | Flak Cannons |
| 10:47 | Farm |
| 10:48 | Farm |
| 11:05 | Flying Machine |
| 11:05 | Flying Machine |
| 11:05 | Flying Machine |
| 11:09 | Black Gunpowder |
| 11:10 | Iron Forged Swords |
| 11:10 | Iron Plating |
| 11:12 | Flying Machine |
| 11:18 | Flying Machine |
| 11:19 | Improved Masonry |
| 11:31 | Flame Strike |
| 11:37 | Flying Machine Bombs |
| 11:40 | Gryphon Rider |
| 11:41 | Storm Hammers |
| 11:41 | Gryphon Rider |
| 11:44 | Animal War Training |
| 11:47 | Farm |
| 11:48 | Farm |
| 12:09 | Flying Machine |
| 12:09 | Flying Machine |
| 12:50 | Gryphon Rider |
| 12:52 | Farm |
| 12:52 | Farm |
| 13:12 | Gryphon Rider |
| 13:21 | Guard Tower |
| 13:52 | Flying Machine |
| 14:07 | Cloud |
| 14:10 | Dragonhawk Rider |
| 14:10 | Dragonhawk Rider |
| 14:38 | Dragonhawk Rider |
| 14:39 | Flying Machine |
| 14:39 | Flying Machine |
| 14:59 | Town Hall |
| 15:41 | Flying Machine |
| 15:41 | Flying Machine |
| 16:10 | Dragonhawk Rider |
| 16:18 | Scroll of Regeneration |
| 16:21 | Peasant |
| 16:21 | Peasant |
| 16:22 | Peasant |
| 17:32 | Dragonhawk Rider |
| 17:38 | Town Hall |
| 18:57 | Flying Machine |
| 18:58 | Flying Machine |
| 19:59 | Siege Engine |
| 19:59 | Siege Engine |
| 20:00 | Barrage |
| 20:18 | Peasant |
| 20:18 | Peasant |
| 20:18 | Peasant |
| 20:18 | Peasant |
| 21:13 | Siege Engine |
| 21:14 | Siege Engine |
| 21:57 | Siege Engine |
| 22:10 | Siege Engine |
| 22:34 | Scout Tower |
| 22:36 | Scout Tower |
| Right click | 1506 |
| Select | 413 |
| Select group | 399 |
| Build/train/purchase | 100 |
| Assign group | 50 |
| Use ability | 23 |
| Remove unit | 8 |
| Misc. action | 7 |
| Minimap ping | 2 |

| Acolyte | 7 | 525 | / | 0 |
| Ghoul | 9 | 1080 | / | 0 |
| Gargoyle | 3 | 525 | / | 90 |
| Frost Wyrm | 13 | 5005 | / | 1560 |
| Goblin Shredder | 1 | 375 | / | 100 |
| total: | 33 | 7510g | / | 1750w |
| Spirit Tower | 3 | 435 | / | 120 |
| Altar of Darkness | 1 | 180 | / | 50 |
| Ziggurat | 11 | 1650 | / | 550 |
| Crypt | 1 | 200 | / | 50 |
| Graveyard | 2 | 430 | / | 0 |
| Sacrificial Pit | 1 | 75 | / | 150 |
| Boneyard | 2 | 350 | / | 400 |
| Halls of the Dead | 1 | 320 | / | 210 |
| Black Citadel | 1 | 325 | / | 230 |
| total: | 18 | 2885g | / | 1200w |
| 0:05 | Acolyte |
| 0:05 | Acolyte |
| 0:05 | Acolyte |
| 0:13 | Altar of Darkness |
| 0:16 | Ziggurat |
| 0:40 | Crypt |
| 0:57 | Ziggurat |
| 1:33 | Graveyard |
| 1:44 | Ghoul |
| 1:45 | Ghoul |
| 2:06 | Ghoul |
| 2:06 | Ghoul |
| 2:21 | Death Coil |
| 2:59 | Ghoul |
| 2:59 | Ghoul |
| 2:59 | Ghoul |
| 2:59 | Ghoul |
| 3:04 | Ghoul |
| 3:17 | Creature Attack |
| 3:55 | Halls of the Dead |
| 4:41 | Creature Carapace |
| 5:31 | Ziggurat |
| 5:37 | Ziggurat |
| 5:47 | Ziggurat |
| 5:52 | Ziggurat |
| 6:17 | Sacrificial Pit |
| 6:19 | Black Citadel |
| 6:26 | Gargoyle |
| 6:26 | Gargoyle |
| 7:02 | Improved Creature Attack |
| 7:28 | Graveyard |
| 7:31 | Gargoyle |
| 7:51 | Unholy Aura |
| 8:12 | Goblin Shredder |
| 8:37 | Improved Creature Carapace |
| 9:16 | Boneyard |
| 9:22 | Boneyard |
| 10:22 | Acolyte |
| 10:22 | Acolyte |
| 11:09 | Frost Wyrm |
| 11:12 | Frost Wyrm |
| 11:48 | Ziggurat |
| 12:21 | Advanced Creature Attack |
| 12:46 | Advanced Creature Carapace |
| 13:04 | Acolyte |
| 13:07 | Acolyte |
| 13:36 | Freezing Breath |
| 13:49 | Ziggurat |
| 13:52 | Ziggurat |
| 14:21 | Death Coil |
| 14:29 | Frost Wyrm |
| 14:59 | Frost Wyrm |
| 15:19 | Ziggurat |
| 15:21 | Ziggurat |
| 16:15 | Frost Wyrm |
| 17:18 | Frost Wyrm |
| 17:18 | Frost Wyrm |
| 17:19 | Frost Wyrm |
| 17:42 | Spirit Tower |
| 19:14 | Frost Wyrm |
| 19:14 | Frost Wyrm |
| 19:27 | Frost Wyrm |
| 20:14 | Frost Wyrm |
| 20:21 | Frost Wyrm |
| 25:36 | Spirit Tower |
| 25:41 | Spirit Tower |
| Right click | 235 |
| Select | 201 |
| Build/train/purchase | 52 |
| Use ability | 12 |
| Resource trade | 8 |
| Misc. action | 6 |
| Assign group | 3 |
| Remove unit | 3 |
| Minimap ping | 2 |
118 units @ 9.3k
/ 0.6k
469 buildings @ 32.6k
/ 15.4k
⇛
ChuckleMan
(103)
(25:52) : 

| Lesser Clarity Potion | 1 | 70 |
| Boots of Speed | 2 | 500 |
| Staff of Teleportation | 1 | 150 |
| Orb of Lightning | 2 | 750 |
| Tiny Great Hall | 1 | 600 |
| total: | 7 | 2070g |
| Wisp | 34 | 2040 | / | 0 |
| Goblin Shredder | 2 | 750 | / | 200 |
| Goblin Zeppelin | 1 | 240 | / | 60 |
| total: | 37 | 3030g | / | 260w |
| Ancient Protector | 1 | 135 | / | 80 |
| Altar of Elders | 1 | 180 | / | 50 |
| Moon Well | 29 | 5220 | / | 1160 |
| Ancient of Wonders | 1 | 90 | / | 30 |
| Tree of Life | 4 | 1360 | / | 740 |
| Hunter's Hall | 1 | 210 | / | 100 |
| Tree of Ages | 1 | 320 | / | 180 |
| Tree of Eternity | 1 | 330 | / | 200 |
| total: | 37 | 7195g | / | 2160w |
| 0:04 | Wisp |
| 0:04 | Wisp |
| 0:08 | Altar of Elders |
| 0:14 | Moon Well |
| 0:17 | Wisp |
| 0:29 | Moon Well |
| 0:34 | Wisp |
| 0:56 | Wisp |
| 0:56 | Wisp |
| 0:56 | Wisp |
| 1:27 | Wisp |
| 1:42 | Moon Well |
| 1:47 | Wisp |
| 2:03 | Wisp |
| 2:07 | Moon Well |
| 2:17 | Force of Nature |
| 2:34 | Ancient of Wonders |
| 2:38 | Wisp |
| 2:38 | Wisp |
| 3:02 | Wisp |
| 3:21 | Wisp |
| 3:23 | Wisp |
| 3:40 | Tree of Ages |
| 4:17 | Tree of Life |
| 4:31 | Entangling Roots |
| 4:59 | Hunter's Hall |
| 5:24 | Moon Well |
| 5:25 | Moon Well |
| 5:50 | Goblin Shredder |
| 6:35 | Tree of Eternity |
| 6:54 | Ultravision |
| 7:09 | Force of Nature |
| 7:57 | Ancient Protector |
| 8:02 | Moon Well |
| 8:42 | Tree of Life |
| 9:11 | Goblin Zeppelin |
| 9:24 | Wisp |
| 9:24 | Wisp |
| 9:24 | Wisp |
| 9:24 | Wisp |
| 9:24 | Wisp |
| 9:50 | Nature's Blessing |
| 10:05 | Goblin Shredder |
| 10:14 | Moon Well |
| 10:57 | Wisp |
| 10:57 | Wisp |
| 10:57 | Wisp |
| 11:04 | Tree of Life |
| 11:15 | Entangling Roots |
| 11:24 | Wisp |
| 11:24 | Wisp |
| 11:24 | Wisp |
| 11:34 | Lesser Clarity Potion |
| 11:46 | Moon Well |
| 12:07 | Moon Well |
| 12:09 | Moon Well |
| 12:24 | Moon Well |
| 13:09 | Wisp |
| 13:28 | Moon Well |
| 13:44 | Tree of Life |
| 13:58 | Strength of the Wild |
| 13:58 | Strength of the Moon |
| 13:58 | Moon Armor |
| 13:58 | Reinforced Hides |
| 13:58 | Well Spring |
| 14:01 | Orb of Lightning |
| 15:10 | Boots of Speed |
| 15:24 | Wisp |
| 15:24 | Wisp |
| 15:24 | Wisp |
| 15:25 | Wisp |
| 15:25 | Wisp |
| 15:48 | Wisp |
| 15:48 | Wisp |
| 17:50 | Moon Well |
| 17:51 | Moon Well |
| 17:53 | Moon Well |
| 17:53 | Moon Well |
| 19:06 | Improved Strength of the Wild |
| 19:07 | Improved Strength of the Moon |
| 19:07 | Improved Moon Armor |
| 19:07 | Improved Reinforced Hides |
| 19:41 | Orb of Lightning |
| 19:42 | Tiny Great Hall |
| 19:45 | Chemical Rage |
| 20:35 | Moon Well |
| 20:36 | Moon Well |
| 20:37 | Moon Well |
| 20:38 | Moon Well |
| 20:39 | Moon Well |
| 20:40 | Moon Well |
| 20:41 | Moon Well |
| 20:44 | Moon Well |
| 20:45 | Moon Well |
| 20:46 | Moon Well |
| 20:49 | Moon Well |
| 20:50 | Moon Well |
| 21:57 | Boots of Speed |
| 21:58 | Staff of Teleportation |
| 23:02 | Force of Nature |
| Right click | 840 |
| Select group | 405 |
| Resource trade | 274 |
| Select | 212 |
| Use ability | 122 |
| Build/train/purchase | 84 |
| Misc. action | 77 |
| Assign group | 18 |
| Minimap ping | 6 |
| Esc | 5 |
| Item give/drop | 3 |



| Staff of Sanctuary | 2 | 500 |
| Boots of Speed | 3 | 750 |
| Staff of Teleportation | 3 | 450 |
| Periapt of Vitality | 2 | 650 |
| Circlet of Nobility | 1 | 175 |
| Healing Salve | 2 | 200 |
| Orb of Lightning | 2 | 750 |
| total: | 15 | 3475g |
| Peasant | 14 | 1050 | / | 0 |
| Priest | 1 | 135 | / | 10 |
| total: | 15 | 1185g | / | 10w |
| Scout Tower | 324 | 9720 | / | 6480 |
| Arcane Tower | 11 | 770 | / | 550 |
| Guard Tower | 82 | 5740 | / | 4100 |
| Altar of Kings | 1 | 180 | / | 50 |
| Farm | 5 | 400 | / | 100 |
| Lumber Mill | 1 | 120 | / | 0 |
| Arcane Vault | 8 | 1040 | / | 240 |
| Arcane Sanctum | 1 | 150 | / | 140 |
| Keep | 1 | 320 | / | 210 |
| Castle | 1 | 360 | / | 210 |
| total: | 340 | 11610g | / | 7010w |
| 0:01 | Peasant |
| 0:02 | Peasant |
| 0:08 | Altar of Kings |
| 0:12 | Peasant |
| 0:19 | Farm |
| 0:20 | Peasant |
| 0:23 | Peasant |
| 0:44 | Peasant |
| 0:47 | Farm |
| 0:49 | Farm |
| 0:58 | Peasant |
| 1:15 | Peasant |
| 1:25 | Peasant |
| 1:30 | Scout Tower |
| 1:36 | Scout Tower |
| 1:38 | Scout Tower |
| 1:41 | Lumber Mill |
| 1:44 | Peasant |
| 1:46 | Peasant |
| 1:59 | Peasant |
| 2:05 | Scout Tower |
| 2:12 | Blizzard |
| 2:14 | Arcane Tower |
| 2:34 | Arcane Tower |
| 2:35 | Scout Tower |
| 2:36 | Scout Tower |
| 2:38 | Scout Tower |
| 2:41 | Scout Tower |
| 2:54 | Scout Tower |
| 2:55 | Guard Tower |
| 3:02 | Guard Tower |
| 3:04 | Improved Masonry |
| 3:05 | Peasant |
| 3:05 | Peasant |
| 3:11 | Guard Tower |
| 3:13 | Scout Tower |
| 3:14 | Scout Tower |
| 3:14 | Scout Tower |
| 3:14 | Scout Tower |
| 3:15 | Scout Tower |
| 3:15 | Scout Tower |
| 3:17 | Scout Tower |
| 3:18 | Scout Tower |
| 3:18 | Scout Tower |
| 3:18 | Guard Tower |
| 3:41 | Guard Tower |
| 3:54 | Guard Tower |
| 3:54 | Guard Tower |
| 4:10 | Guard Tower |
| 4:13 | Scout Tower |
| 4:13 | Scout Tower |
| 4:14 | Scout Tower |
| 4:15 | Scout Tower |
| 4:19 | Scout Tower |
| 4:19 | Scout Tower |
| 4:21 | Scout Tower |
| 4:21 | Scout Tower |
| 4:22 | Scout Tower |
| 4:39 | Guard Tower |
| 4:39 | Guard Tower |
| 4:47 | Guard Tower |
| 4:57 | Guard Tower |
| 5:07 | Boots of Speed |
| 5:09 | Guard Tower |
| 5:14 | Scout Tower |
| 5:14 | Scout Tower |
| 5:15 | Scout Tower |
| 5:15 | Scout Tower |
| 5:30 | Healing Salve |
| 5:35 | Guard Tower |
| 5:37 | Scout Tower |
| 5:37 | Scout Tower |
| 5:38 | Scout Tower |
| 5:38 | Scout Tower |
| 5:42 | Scout Tower |
| 5:42 | Scout Tower |
| 5:43 | Scout Tower |
| 5:43 | Scout Tower |
| 5:56 | Guard Tower |
| 5:58 | Scout Tower |
| 5:59 | Scout Tower |
| 6:00 | Scout Tower |
| 6:07 | Guard Tower |
| 6:15 | Scout Tower |
| 6:16 | Scout Tower |
| 6:16 | Scout Tower |
| 6:17 | Scout Tower |
| 6:18 | Scout Tower |
| 6:18 | Scout Tower |
| 6:33 | Guard Tower |
| 6:36 | Scout Tower |
| 6:37 | Scout Tower |
| 6:37 | Scout Tower |
| 6:38 | Scout Tower |
| 6:43 | Guard Tower |
| 6:46 | Scout Tower |
| 6:46 | Scout Tower |
| 6:47 | Scout Tower |
| 6:47 | Scout Tower |
| 6:48 | Scout Tower |
| 6:49 | Scout Tower |
| 6:49 | Scout Tower |
| 6:50 | Scout Tower |
| 6:50 | Scout Tower |
| 7:07 | Guard Tower |
| 7:11 | Scout Tower |
| 7:12 | Scout Tower |
| 7:12 | Scout Tower |
| 7:13 | Scout Tower |
| 7:13 | Scout Tower |
| 7:13 | Scout Tower |
| 7:14 | Scout Tower |
| 7:14 | Scout Tower |
| 7:15 | Scout Tower |
| 7:15 | Scout Tower |
| 7:15 | Scout Tower |
| 7:16 | Scout Tower |
| 7:16 | Scout Tower |
| 7:17 | Keep |
| 7:23 | Guard Tower |
| 7:39 | Guard Tower |
| 7:45 | Farm |
| 8:06 | Guard Tower |
| 8:06 | Guard Tower |
| 8:09 | Guard Tower |
| 8:11 | Scout Tower |
| 8:12 | Scout Tower |
| 8:12 | Scout Tower |
| 8:13 | Scout Tower |
| 8:13 | Scout Tower |
| 8:14 | Scout Tower |
| 8:14 | Scout Tower |
| 8:14 | Scout Tower |
| 8:15 | Scout Tower |
| 8:15 | Scout Tower |
| 8:15 | Scout Tower |
| 8:21 | Scout Tower |
| 8:22 | Scout Tower |
| 8:22 | Scout Tower |
| 8:22 | Scout Tower |
| 8:23 | Scout Tower |
| 8:23 | Scout Tower |
| 8:24 | Scout Tower |
| 8:27 | Scout Tower |
| 8:29 | Scout Tower |
| 8:29 | Scout Tower |
| 8:29 | Scout Tower |
| 8:30 | Scout Tower |
| 8:30 | Scout Tower |
| 8:33 | Scout Tower |
| 8:33 | Scout Tower |
| 8:34 | Scout Tower |
| 8:34 | Scout Tower |
| 8:35 | Scout Tower |
| 8:35 | Scout Tower |
| 8:38 | Scout Tower |
| 8:38 | Scout Tower |
| 8:39 | Scout Tower |
| 8:39 | Scout Tower |
| 8:40 | Scout Tower |
| 8:40 | Scout Tower |
| 8:42 | Scout Tower |
| 8:42 | Scout Tower |
| 8:43 | Scout Tower |
| 8:44 | Scout Tower |
| 8:45 | Scout Tower |
| 8:50 | Guard Tower |
| 9:03 | Guard Tower |
| 9:05 | Guard Tower |
| 9:10 | Guard Tower |
| 9:17 | Scout Tower |
| 9:18 | Scout Tower |
| 9:18 | Scout Tower |
| 9:19 | Scout Tower |
| 9:19 | Scout Tower |
| 9:23 | Scout Tower |
| 9:24 | Scout Tower |
| 9:24 | Scout Tower |
| 9:25 | Scout Tower |
| 9:25 | Scout Tower |
| 9:25 | Scout Tower |
| 9:26 | Scout Tower |
| 9:28 | Guard Tower |
| 9:50 | Brilliance Aura |
| 10:05 | Guard Tower |
| 10:21 | Guard Tower |
| 10:48 | Arcane Vault |
| 10:49 | Arcane Vault |
| 10:50 | Guard Tower |
| 10:57 | Arcane Vault |
| 10:58 | Arcane Vault |
| 10:59 | Arcane Vault |
| 11:05 | Arcane Vault |
| 11:06 | Arcane Vault |
| 11:06 | Arcane Vault |
| 11:11 | Castle |
| 11:13 | Guard Tower |
| 11:22 | Guard Tower |
| 11:24 | Scout Tower |
| 11:29 | Healing Salve |
| 11:36 | Storm Bolt |
| 11:39 | Scout Tower |
| 11:53 | Boots of Speed |
| 11:53 | Staff of Teleportation |
| 12:00 | Guard Tower |
| 12:01 | Scout Tower |
| 12:02 | Scout Tower |
| 12:02 | Scout Tower |
| 12:03 | Scout Tower |
| 12:03 | Scout Tower |
| 12:04 | Scout Tower |
| 12:04 | Scout Tower |
| 12:04 | Scout Tower |
| 12:07 | Arcane Sanctum |
| 12:14 | Guard Tower |
| 12:18 | Farm |
| 12:19 | Arcane Tower |
| 12:19 | Arcane Tower |
| 12:27 | Scout Tower |
| 12:27 | Scout Tower |
| 12:28 | Scout Tower |
| 12:28 | Scout Tower |
| 12:28 | Scout Tower |
| 12:29 | Scout Tower |
| 12:29 | Scout Tower |
| 12:29 | Scout Tower |
| 13:05 | Guard Tower |
| 13:34 | Guard Tower |
| 13:36 | Guard Tower |
| 13:38 | Guard Tower |
| 13:41 | Scout Tower |
| 13:42 | Scout Tower |
| 13:42 | Scout Tower |
| 13:42 | Scout Tower |
| 13:43 | Scout Tower |
| 13:43 | Scout Tower |
| 13:52 | Staff of Sanctuary |
| 14:07 | Staff of Sanctuary |
| 14:36 | Guard Tower |
| 14:43 | Guard Tower |
| 14:44 | Scout Tower |
| 14:45 | Scout Tower |
| 14:45 | Scout Tower |
| 14:46 | Scout Tower |
| 14:46 | Scout Tower |
| 14:46 | Scout Tower |
| 14:47 | Scout Tower |
| 14:47 | Scout Tower |
| 14:47 | Scout Tower |
| 14:48 | Scout Tower |
| 15:04 | Guard Tower |
| 15:13 | Holy Light |
| 15:17 | Scout Tower |
| 15:17 | Scout Tower |
| 15:18 | Scout Tower |
| 15:19 | Scout Tower |
| 15:19 | Scout Tower |
| 15:20 | Scout Tower |
| 15:20 | Scout Tower |
| 15:21 | Scout Tower |
| 15:21 | Scout Tower |
| 15:22 | Scout Tower |
| 15:22 | Scout Tower |
| 15:23 | Scout Tower |
| 15:24 | Scout Tower |
| 15:24 | Scout Tower |
| 15:41 | Guard Tower |
| 15:42 | Arcane Tower |
| 15:46 | Magic Sentry |
| 15:54 | Guard Tower |
| 15:57 | Scout Tower |
| 15:58 | Scout Tower |
| 15:58 | Scout Tower |
| 15:58 | Scout Tower |
| 15:59 | Scout Tower |
| 15:59 | Scout Tower |
| 16:00 | Scout Tower |
| 16:00 | Scout Tower |
| 16:01 | Scout Tower |
| 16:04 | Scout Tower |
| 16:05 | Scout Tower |
| 16:06 | Scout Tower |
| 16:06 | Scout Tower |
| 16:06 | Scout Tower |
| 16:07 | Scout Tower |
| 16:08 | Scout Tower |
| 16:08 | Scout Tower |
| 16:08 | Scout Tower |
| 16:14 | Blizzard |
| 16:16 | Guard Tower |
| 16:19 | Advanced Masonry |
| 16:48 | Orb of Lightning |
| 16:52 | Orb of Lightning |
| 17:01 | Guard Tower |
| 17:04 | Priest |
| 17:05 | Priest Adept Training |
| 17:06 | Guard Tower |
| 17:17 | Guard Tower |
| 17:18 | Bash |
| 17:20 | Boots of Speed |
| 17:21 | Staff of Teleportation |
| 17:24 | Periapt of Vitality |
| 17:35 | Arcane Tower |
| 17:38 | Guard Tower |
| 17:41 | Circlet of Nobility |
| 17:50 | Arcane Tower |
| 17:50 | Scout Tower |
| 17:51 | Scout Tower |
| 17:52 | Scout Tower |
| 17:52 | Scout Tower |
| 17:52 | Scout Tower |
| 17:53 | Scout Tower |
| 17:55 | Guard Tower |
| 17:56 | Scout Tower |
| 17:57 | Scout Tower |
| 17:57 | Scout Tower |
| 17:57 | Scout Tower |
| 17:58 | Scout Tower |
| 17:58 | Scout Tower |
| 17:58 | Scout Tower |
| 17:59 | Scout Tower |
| 17:59 | Scout Tower |
| 18:00 | Scout Tower |
| 18:08 | Scout Tower |
| 18:08 | Scout Tower |
| 18:09 | Scout Tower |
| 18:09 | Scout Tower |
| 18:09 | Scout Tower |
| 18:10 | Scout Tower |
| 18:11 | Guard Tower |
| 18:14 | Scout Tower |
| 18:15 | Scout Tower |
| 18:15 | Scout Tower |
| 18:16 | Scout Tower |
| 18:16 | Scout Tower |
| 18:24 | Scout Tower |
| 18:25 | Scout Tower |
| 18:25 | Scout Tower |
| 18:25 | Scout Tower |
| 18:59 | Guard Tower |
| 19:34 | Guard Tower |
| 19:36 | Scout Tower |
| 19:37 | Scout Tower |
| 19:37 | Scout Tower |
| 19:37 | Scout Tower |
| 19:40 | Guard Tower |
| 19:58 | Guard Tower |
| 20:02 | Scout Tower |
| 20:03 | Scout Tower |
| 20:03 | Scout Tower |
| 20:03 | Scout Tower |
| 20:10 | Guard Tower |
| 20:58 | Guard Tower |
| 20:59 | Scout Tower |
| 20:59 | Scout Tower |
| 20:59 | Scout Tower |
| 21:00 | Scout Tower |
| 21:00 | Scout Tower |
| 21:00 | Scout Tower |
| 21:01 | Scout Tower |
| 21:01 | Scout Tower |
| 21:01 | Scout Tower |
| 21:11 | Divine Shield |
| 21:15 | Guard Tower |
| 21:47 | Scout Tower |
| 21:48 | Scout Tower |
| 21:48 | Scout Tower |
| 21:49 | Scout Tower |
| 21:49 | Scout Tower |
| 21:50 | Scout Tower |
| 21:50 | Scout Tower |
| 21:51 | Scout Tower |
| 21:51 | Scout Tower |
| 21:52 | Scout Tower |
| 21:52 | Scout Tower |
| 21:52 | Scout Tower |
| 21:53 | Scout Tower |
| 21:54 | Scout Tower |
| 21:54 | Scout Tower |
| 21:55 | Scout Tower |
| 21:55 | Scout Tower |
| 21:55 | Scout Tower |
| 21:56 | Scout Tower |
| 21:56 | Scout Tower |
| 22:00 | Guard Tower |
| 22:01 | Guard Tower |
| 22:07 | Arcane Tower |
| 22:16 | Periapt of Vitality |
| 22:17 | Staff of Teleportation |
| 22:22 | Guard Tower |
| 22:23 | Guard Tower |
| 22:26 | Scout Tower |
| 22:26 | Scout Tower |
| 22:27 | Scout Tower |
| 22:27 | Scout Tower |
| 22:28 | Scout Tower |
| 22:28 | Scout Tower |
| 22:28 | Scout Tower |
| 22:29 | Scout Tower |
| 22:29 | Scout Tower |
| 22:30 | Scout Tower |
| 22:30 | Scout Tower |
| 22:31 | Scout Tower |
| 22:31 | Scout Tower |
| 22:32 | Scout Tower |
| 22:32 | Scout Tower |
| 23:04 | Guard Tower |
| 23:08 | Scout Tower |
| 23:09 | Scout Tower |
| 23:09 | Scout Tower |
| 23:10 | Scout Tower |
| 23:12 | Scout Tower |
| 23:12 | Scout Tower |
| 23:13 | Scout Tower |
| 23:13 | Scout Tower |
| 23:13 | Scout Tower |
| 23:14 | Scout Tower |
| 23:14 | Scout Tower |
| 23:15 | Scout Tower |
| 23:16 | Scout Tower |
| 23:16 | Scout Tower |
| 23:17 | Scout Tower |
| 23:17 | Scout Tower |
| 23:18 | Scout Tower |
| 23:18 | Scout Tower |
| 23:20 | Scout Tower |
| 23:31 | Imbued Masonry |
| 24:31 | Guard Tower |
| 24:33 | Storm Bolt |
| 24:35 | Guard Tower |
| 24:37 | Scout Tower |
| 24:37 | Scout Tower |
| 24:38 | Scout Tower |
| 24:39 | Scout Tower |
| 24:39 | Scout Tower |
| 24:40 | Scout Tower |
| 24:40 | Scout Tower |
| 24:41 | Scout Tower |
| 24:41 | Scout Tower |
| 24:42 | Scout Tower |
| 24:42 | Scout Tower |
| 24:43 | Scout Tower |
| 24:43 | Scout Tower |
| 24:44 | Scout Tower |
| 24:44 | Scout Tower |
| 24:48 | Scout Tower |
| 24:48 | Scout Tower |
| 24:49 | Scout Tower |
| 24:49 | Scout Tower |
| 24:49 | Scout Tower |
| 24:50 | Scout Tower |
| 24:50 | Scout Tower |
| 24:51 | Scout Tower |
| 24:51 | Scout Tower |
| 24:51 | Scout Tower |
| 25:01 | Guard Tower |
| 25:06 | Scout Tower |
| 25:07 | Scout Tower |
| 25:07 | Scout Tower |
| 25:07 | Scout Tower |
| 25:48 | Guard Tower |
| 25:48 | Guard Tower |
| 25:48 | Guard Tower |
| Right click | 2030 |
| Select | 749 |
| Build/train/purchase | 344 |
| Select group | 269 |
| Use ability | 65 |
| Chat | 54 |
| Minimap ping | 31 |
| Resource trade | 19 |
| Assign group | 6 |
| Misc. action | 3 |
| Item give/drop | 2 |

| Healing Salve | 1 | 100 |
| Orb of Lightning | 1 | 375 |
| Boots of Speed | 1 | 250 |
| Staff of Teleportation | 1 | 150 |
| Circlet of Nobility | 1 | 175 |
| total: | 5 | 1050g |
| Peon | 16 | 1200 | / | 0 |
| Troll Batrider | 9 | 1440 | / | 360 |
| total: | 25 | 2640g | / | 360w |
| Watch Tower | 42 | 4620 | / | 3360 |
| Altar of Storms | 1 | 180 | / | 50 |
| Orc Burrow | 5 | 800 | / | 200 |
| War Mill | 1 | 205 | / | 0 |
| Voodoo Lounge | 3 | 390 | / | 90 |
| Beastiary | 4 | 580 | / | 560 |
| Stronghold | 1 | 315 | / | 190 |
| Fortress | 1 | 325 | / | 190 |
| total: | 56 | 6775g | / | 4260w |
| 0:03 | Peon |
| 0:03 | Peon |
| 0:09 | Altar of Storms |
| 0:20 | Orc Burrow |
| 0:28 | Peon |
| 0:44 | Peon |
| 0:49 | War Mill |
| 1:05 | Peon |
| 1:18 | Peon |
| 1:31 | Orc Burrow |
| 1:36 | Orc Burrow |
| 1:39 | Peon |
| 1:40 | Peon |
| 2:04 | Peon |
| 2:14 | Watch Tower |
| 2:17 | Watch Tower |
| 2:22 | Acid Bomb |
| 2:44 | Watch Tower |
| 2:59 | Watch Tower |
| 3:02 | Peon |
| 3:02 | Peon |
| 3:02 | Peon |
| 3:03 | Peon |
| 3:20 | Voodoo Lounge |
| 3:30 | Peon |
| 3:30 | Peon |
| 3:34 | Watch Tower |
| 4:11 | Watch Tower |
| 4:13 | Watch Tower |
| 4:20 | Peon |
| 4:23 | Orc Burrow |
| 4:55 | Boots of Speed |
| 4:55 | Staff of Teleportation |
| 5:01 | Watch Tower |
| 5:06 | Watch Tower |
| 5:31 | Watch Tower |
| 5:34 | Watch Tower |
| 5:46 | Stronghold |
| 5:53 | Healing Salve |
| 6:07 | Watch Tower |
| 6:18 | Watch Tower |
| 6:22 | Watch Tower |
| 6:45 | Watch Tower |
| 6:50 | Watch Tower |
| 7:41 | Watch Tower |
| 7:44 | Watch Tower |
| 7:51 | Watch Tower |
| 8:11 | Fortress |
| 8:12 | Reinforced Defenses |
| 8:12 | Spiked Barricades |
| 8:16 | Watch Tower |
| 8:36 | Beastiary |
| 8:39 | Beastiary |
| 8:49 | Watch Tower |
| 9:05 | Chemical Rage |
| 9:25 | Watch Tower |
| 9:27 | Watch Tower |
| 10:21 | Watch Tower |
| 10:23 | Watch Tower |
| 10:40 | Watch Tower |
| 10:44 | Watch Tower |
| 10:47 | Beastiary |
| 10:50 | Beastiary |
| 10:52 | Liquid Fire |
| 11:01 | Orb of Lightning |
| 11:11 | Voodoo Lounge |
| 11:29 | Voodoo Lounge |
| 11:36 | Watch Tower |
| 11:53 | Watch Tower |
| 11:55 | Watch Tower |
| 12:05 | Orc Burrow |
| 12:17 | Circlet of Nobility |
| 13:11 | Watch Tower |
| 13:12 | Watch Tower |
| 13:34 | Troll Batrider |
| 13:52 | Watch Tower |
| 13:54 | Watch Tower |
| 13:58 | Watch Tower |
| 14:26 | Acid Bomb |
| 14:32 | Troll Batrider |
| 15:01 | Watch Tower |
| 15:15 | Watch Tower |
| 15:23 | Watch Tower |
| 15:39 | Troll Batrider |
| 16:26 | Troll Batrider |
| 16:57 | Troll Batrider |
| 16:58 | Troll Batrider |
| 17:08 | Steel Ranged Weapons |
| 17:08 | Steel Armor |
| 17:08 | Improved Spiked Barricades |
| 19:09 | Chemical Rage |
| 19:12 | Acid Bomb |
| 19:15 | Troll Batrider |
| 19:15 | Troll Batrider |
| 19:23 | Watch Tower |
| 19:25 | Watch Tower |
| 19:48 | Troll Batrider |
| 20:04 | Thorium Ranged Weapons |
| 23:29 | Watch Tower |
| 23:33 | Watch Tower |
| 25:23 | Transmute |
| Right click | 2500 |
| Select | 418 |
| Select group | 141 |
| Use ability | 80 |
| Build/train/purchase | 65 |
| Misc. action | 40 |
| Chat | 19 |
| Assign group | 18 |
| Item give/drop | 3 |
| Esc | 3 |
| Minimap ping | 1 |



| Circlet of Nobility | 5 | 875 |
| Staff of Teleportation | 3 | 450 |
| Boots of Speed | 3 | 750 |
| Periapt of Vitality | 2 | 650 |
| Orb of Lightning | 2 | 750 |
| Staff of Sanctuary | 3 | 750 |
| total: | 18 | 4225g |
| Wisp | 41 | 2460 | / | 0 |
| total: | 41 | 2460g | / | 0w |
| Altar of Elders | 1 | 180 | / | 50 |
| Moon Well | 31 | 5580 | / | 1240 |
| Tree of Life | 3 | 1020 | / | 555 |
| Hunter's Hall | 1 | 210 | / | 100 |
| Tree of Ages | 1 | 320 | / | 180 |
| Tree of Eternity | 1 | 330 | / | 200 |
| total: | 36 | 6990g | / | 1945w |
| 0:03 | Wisp |
| 0:03 | Wisp |
| 0:07 | Wisp |
| 0:27 | Wisp |
| 0:34 | Wisp |
| 0:42 | Altar of Elders |
| 0:52 | Moon Well |
| 1:02 | Wisp |
| 1:02 | Wisp |
| 1:08 | Wisp |
| 1:08 | Wisp |
| 1:19 | Moon Well |
| 1:35 | Wisp |
| 1:51 | Wisp |
| 1:51 | Wisp |
| 2:05 | Wisp |
| 2:18 | Breath of Fire |
| 3:07 | Moon Well |
| 3:19 | Wisp |
| 3:19 | Wisp |
| 3:19 | Wisp |
| 3:32 | Circlet of Nobility |
| 4:05 | Wisp |
| 4:05 | Wisp |
| 4:05 | Wisp |
| 4:33 | Tree of Life |
| 4:38 | Wisp |
| 4:38 | Wisp |
| 5:05 | Staff of Teleportation |
| 5:05 | Boots of Speed |
| 5:15 | Wisp |
| 5:15 | Wisp |
| 5:45 | Moon Well |
| 5:48 | Moon Well |
| 5:54 | Wisp |
| 5:55 | Wisp |
| 6:15 | Circlet of Nobility |
| 6:23 | Wisp |
| 6:23 | Wisp |
| 7:47 | Tree of Ages |
| 7:50 | Wisp |
| 7:50 | Wisp |
| 8:18 | Wisp |
| 8:34 | Tree of Life |
| 9:21 | Drunken Brawler |
| 10:00 | Wisp |
| 10:01 | Wisp |
| 10:01 | Wisp |
| 10:02 | Wisp |
| 10:02 | Wisp |
| 10:15 | Wisp |
| 10:50 | Nature's Blessing |
| 10:51 | Tree of Eternity |
| 11:36 | Wisp |
| 11:36 | Wisp |
| 11:36 | Wisp |
| 11:36 | Wisp |
| 11:50 | Frost Arrows |
| 12:11 | Staff of Teleportation |
| 12:11 | Boots of Speed |
| 12:15 | Periapt of Vitality |
| 12:15 | Circlet of Nobility |
| 13:44 | Silence |
| 13:52 | Moon Well |
| 13:53 | Moon Well |
| 13:54 | Moon Well |
| 13:54 | Moon Well |
| 13:56 | Moon Well |
| 13:57 | Moon Well |
| 13:58 | Moon Well |
| 13:59 | Moon Well |
| 14:05 | Staff of Teleportation |
| 14:05 | Boots of Speed |
| 14:09 | Periapt of Vitality |
| 14:18 | Circlet of Nobility |
| 14:47 | Orb of Lightning |
| 15:24 | Hunter's Hall |
| 15:34 | Moon Well |
| 15:35 | Moon Well |
| 15:36 | Moon Well |
| 15:37 | Moon Well |
| 15:37 | Moon Well |
| 15:39 | Moon Well |
| 16:38 | Mana Shield |
| 17:00 | Breath of Fire |
| 17:01 | Life Drain |
| 17:24 | Staff of Sanctuary |
| 17:43 | Staff of Sanctuary |
| 17:53 | Staff of Sanctuary |
| 18:03 | Orb of Lightning |
| 18:11 | Circlet of Nobility |
| 19:13 | Frost Arrows |
| 19:24 | Tree of Life |
| 19:29 | Wisp |
| 19:35 | Drunken Brawler |
| 19:43 | Ultravision |
| 19:43 | Well Spring |
| 21:30 | Moon Well |
| 21:31 | Moon Well |
| 21:32 | Moon Well |
| 21:34 | Moon Well |
| 21:36 | Moon Well |
| 21:37 | Moon Well |
| 21:38 | Moon Well |
| 21:53 | Moon Well |
| 21:54 | Moon Well |
| 25:38 | Moon Well |
| 25:39 | Moon Well |
| 25:40 | Moon Well |
| 25:49 | Silence |
| Right click | 1806 |
| Select group | 1141 |
| Resource trade | 263 |
| Select | 204 |
| Use ability | 139 |
| Build/train/purchase | 125 |
| Minimap ping | 61 |
| Misc. action | 49 |
| Chat | 46 |
| Assign group | 7 |
| Item give/drop | 7 |
| Esc | 7 |